Map: Lost and Found LE

Players

hellviper - Winner!

  • Race: Terran Terran
  • League: Diamond
  • Spawn Location: 7:00

Marzbar

  • Race: Zerg Zerg
  • League: Diamond
  • Spawn Location: 1:00

VOD

Have the link to the VOD?

Description

Time

  • Played on: June 12, 2018, 1:52 a.m.
  • Length: 19:45
Show
View Real Time Build Order
Export as new Build Order

hellviper Terran - Winner!

Build Orders: Mech 

Get SALT Encoding   

  12  0:01  SCV  
  13  0:13  SCV  
  14  0:21  Supply Depot  
  14  0:25  SCV  
  15  0:42  SCV  
  16  0:43  Barracks  
  16  0:49  Refinery  
  16  0:54  SCV  
  17  1:06  SCV  
  18  1:19  SCV  
  19  1:31  SCV  
  20  1:34  Command Center  
  20  1:39  Marine  
  21  1:43  SCV  
  22  1:57  Orbital Command  
  22  2:04  Supply Depot  
  22  2:07  Barracks Reactor  
  22  2:17  Factory  
  22  2:27  SCV  
  22  2:29  Refinery  
  23  2:39  SCV  
  24  2:45  Supply Depot  
  24  2:46  Marine x2  
  24  2:51  Orbital Command, SCV  
  27  3:03  SCV  
  28  3:08  Marine x2  
  30  3:20  SCV  
  31  3:37  SCV  
  32  3:49  SCV  
  32  3:50  Hellion x2  
  32  3:55  SCV  
  38  4:01  SCV  
  39  4:03  Marine  
  39  4:07  SCV  
  41  4:12  Factory  
  41  4:16  Armory  
  41  4:18  Hellion  
  41  4:19  SCV, Hellion  
  41  4:21  SCV  
  41  4:23  Supply Depot  
  47  4:33  SCV  
  48  4:39  Marine  
  48  4:40  Widow Mine x2  
  48  4:45  SCV  
  54  4:50  Refinery, SCV  
  54  4:55  Factory Tech Lab  
  54  4:59  SCV  
  55  5:03  SCV  
  56  5:07  Supply Depot  
  56  5:08  Marine  
  56  5:11  SCV  
  58  5:18  Refinery, SCV  
  58  5:19  Terran Vehicle Weapons Level 1  
  58  5:21  Infernal Pre-Igniter  
  59  5:23  Siege Tank  
  62  5:29  SCV  
  62  5:31  Command Center  
  62  5:32  Hellbat x2  
  67  5:49  SCV  
  68  5:57  Hellbat  
  70  6:11  Supply Depot x2  
  70  6:12  Armory, Supply Depot  
  70  6:17  Factory  
  70  6:19  Starport  
  70  6:32  Siege Tank, SCV x2, Marine  
  78  6:33  Hellbat  
  78  6:44  SCV x2  
  80  6:49  Orbital Command  
  80  6:50  Supply Depot  
  80  6:56  SCV x2  
  82  7:04  Siege Tank  
  83  7:09  SCV  
  83  7:10  Orbital Command  
  78  7:17  Hellion  
  78  7:18  Marine, Hellion  
  78  7:19  SCV  
  84  7:25  Starport Reactor, Factory Tech Lab  
  84  7:26  Terran Vehicle Weapons Level 2  
  84  7:28  Terran Vehicle And Ship Armor Level 1  
  84  7:36  Siege Tank  
  87  7:39  SCV, Hellion x2  
  92  7:46  Thor  
  98  7:51  SCV  
  99  8:00  Hellbat x2  
  99  8:03  SCV  
  104  8:09  Siege Tank, Refinery  
  107  8:13  Refinery  
  107  8:15  SCV  
  107  8:17  SCV  
  107  8:18  Viking x2  
  113  8:22  Hellion x2  
  117  8:27  Supply Depot  
  117  8:28  Supply Depot  
  117  8:34  Supply Depot, Factory  
  117  8:37  Supply Depot  
  117  8:39  Engineering Bay  
  117  8:48  Thor, SCV x2  
  117  8:50  Siege Tank, Supply Depot, Viking x2  
  132  9:00  SCV  
  133  9:07  Hellbat x2  
  137  9:13  SCV  
  119  9:25  Thor  
  119  9:29  Hellion x2  
  119  9:31  Thor  
  135  9:42  Factory Tech Lab  
  135  9:50  Hellion x2  
  134  10:06  Thor  
  136  10:08  Thor  
  136  10:09  Missile Turret  
  136  10:11  Hellion  
  136  10:12  Missile Turret, SCV, Hellbat  
  136  10:13  Missile Turret  
  145  10:14  Siege Tank  
  145  10:15  Missile Turret  
  145  10:18  Missile Turret  
  145  10:19  Missile Turret x2  
  145  10:20  Missile Turret  
  145  10:21  Missile Turret x2  
  148  10:22  Missile Turret  
  148  10:24  Missile Turret, SCV  
  148  10:27  Missile Turret  
  149  10:33  Hellbat x2  
  149  10:35  Terran Vehicle And Ship Armor Level 2, Terran Vehicle Weapons Level 3  
  153  10:36  SCV  
  154  10:46  Siege Tank  
  157  10:50  Command Center  
  157  11:14  SCV  
  157  11:15  Supply Depot  
  157  11:16  Supply Depot x2  
  157  11:18  Supply Depot, Hellbat  
  156  11:26  SCV  
  157  11:37  Siege Tank, Thor, Hellbat x2  
  172  11:40  Hellbat  
  172  11:58  SCV, Hellbat x2  
  179  12:01  Hellbat  
  179  12:02  Viking x2  
  183  12:09  Thor  
  189  12:19  Thor  
  189  12:20  Hellbat x2  
  199  12:23  Refinery  
  199  12:26  Refinery, Missile Turret  
  199  12:28  Missile Turret  
  199  12:29  Planetary Fortress  
  199  12:30  Missile Turret  
  199  12:33  Missile Turret  
  199  12:35  Missile Turret  
  199  12:39  Missile Turret  
  197  13:38  Command Center  
  198  13:48  SCV  
  196  14:00  SCV  
  195  14:04  Terran Vehicle And Ship Armor Level 3  
  195  14:07  Terran Ship Weapons Level 1  
  131  15:31  Thor x3  
  131  15:32  Hellbat x2  
  153  15:50  Command Center  
  153  15:53  Hellbat  
  153  15:54  Hellbat  
  151  16:14  Thor, Hellbat x2  
  158  16:34  Hellbat x2  
  158  16:35  Thor x2  
  174  16:40  SCV  
  174  16:50  Orbital Command  
  174  16:52  SCV  
  174  16:55  Hellbat  
  174  16:57  Thor  
  182  17:04  SCV  
  183  17:17  SCV  
  183  17:18  Thor x2  
  193  17:29  SCV  
  194  17:40  Thor  
  182  18:31  Thor x2  
  182  18:32  Hellbat x2  
  186  18:34  Viking  
  186  18:35  Viking  
  188  18:42  SCV  
  189  18:54  SCV  
  190  19:04  Refinery, Viking  
  190  19:05  Refinery, Viking  
  190  19:06  SCV  
  193  19:18  SCV  
  194  19:30  SCV  
Show
View Real Time Build Order
Export as new Build Order

Marzbar Zerg 

Build Orders: Hatch First, Muta Ling Bane 

Get SALT Encoding   

  12  0:01  Drone  
  13  0:13  Overlord  
  13  0:18  Drone  
  14  0:31  Drone x2  
  14  0:35  Drone  
  17  0:54  Hatchery  
  16  1:03  Drone  
  17  1:05  Drone  
  17  1:06  Extractor  
  17  1:17  Spawning Pool  
  16  1:22  Drone x2  
  18  1:30  Drone  
  19  1:39  Overlord  
  19  2:06  Zergling x2, Queen  
  19  2:07  Zergling x2  
  23  2:14  Drone  
  23  2:15  Metabolic Boost  
  24  2:16  Drone  
  24  2:17  Drone  
  26  2:24  Drone  
  26  2:27  Drone  
  28  2:32  Drone  
  29  2:38  Drone  
  29  2:43  Hatchery  
  29  2:45  Queen  
  29  2:50  Overlord  
  31  2:56  Queen  
  33  2:59  Drone  
  33  3:00  Drone  
  33  3:02  Drone  
  35  3:23  Queen  
  35  3:25  Overlord, Drone x2  
  35  3:26  Drone x3  
  42  3:35  Baneling Nest  
  42  3:39  Overlord  
  41  3:48  Overlord  
  41  3:50  Drone  
  41  3:51  Drone  
  43  3:56  Queen  
  45  4:04  Overlord, Drone x3  
  45  4:05  Zergling x6  
  45  4:06  Zergling x2  
  45  4:08  Drone x2  
  54  4:29  Baneling x3  
  54  4:30  Baneling, Overlord x2, Drone  
  57  4:31  Drone x7  
  57  4:33  Overlord  
  62  4:43  Drone  
  62  4:44  Drone x2  
  65  4:48  Evolution Chamber  
  65  4:50  Evolution Chamber  
  63  5:07  Lair  
  63  5:08  Overlord, Drone x7  
  63  5:09  Overlord, Zergling x2  
  63  5:10  Zergling x4  
  73  5:23  Extractor  
  73  5:25  Extractor  
  71  5:33  Extractor  
  71  5:34  Drone  
  71  5:35  Overlord, Drone x2  
  73  5:36  Queen  
  74  5:43  Zergling x2  
  74  5:44  Hatchery, Zergling x6  
  74  5:46  Baneling x3  
  77  5:57  Spore Crawler  
  77  6:00  Spore Crawler  
  77  6:02  Spore Crawler  
  77  6:03  Overlord  
  74  6:10  Zerg Ground Armor Level 1  
  74  6:16  Drone x3  
  74  6:17  Overlord x2, Drone x2  
  74  6:18  Hatchery, Drone  
  79  6:35  Zerg Melee Weapons Level 1  
  79  6:38  Drone x2  
  79  6:39  Drone x4  
  85  6:44  Extractor  
  85  6:45  Overlord x2  
  85  6:46  Extractor, Zergling x2  
  85  6:47  Zergling x10  
  88  6:54  Baneling x2  
  88  6:55  Baneling x2  
  76  7:21  Zergling x8  
  80  7:25  Queen  
  82  7:30  Drone x2  
  82  7:31  Overlord, Drone x5  
  82  7:32  Overlord, Drone  
  82  7:33  Drone x8  
  98  7:44  Centrifical Hooks  
  98  8:01  Pneumatized Carapace  
  98  8:05  Zerg Ground Armor Level 2  
  98  8:15  Zergling x2  
  98  8:16  Spire, Zergling x8  
  98  8:18  Queen  
  104  8:20  Spore Crawler  
  104  8:22  Spine Crawler  
  104  8:24  Spine Crawler  
  104  8:25  Spine Crawler  
  100  8:28  Spine Crawler  
  100  8:30  Overlord x2  
  100  8:31  Zergling x4  
  100  8:32  Zergling x26  
  114  8:36  Overseer  
  114  8:39  Overseer x2  
  112  9:00  Drone  
  112  9:01  Overlord, Drone x9  
  112  9:02  Overlord  
  122  9:03  Zergling x4  
  122  9:05  Zergling x2  
  96  9:29  Infestation Pit, Zerg Melee Weapons Level 2  
  95  9:34  Zergling x2  
  95  9:35  Mutalisk x5, Extractor, Zergling x8  
  95  9:36  Mutalisk x3, Extractor, Zergling x14  
  95  9:37  Zergling x4  
  121  9:59  Drone x3  
  113  10:00  Drone x2  
  106  10:09  Mutalisk x9  
  106  10:10  Zergling x6  
  106  10:11  Zergling x4  
  106  10:12  Zergling x2  
  106  10:13  Zergling x16  
  138  10:29  Hive  
  138  10:33  Zerg Flyer Armor Level 1  
  138  10:35  Corruptor x2  
  138  10:36  Corruptor  
  138  10:37  Corruptor  
  138  10:42  Baneling x3  
  146  10:43  Baneling x2  
  146  10:46  Baneling x3  
  146  10:47  Baneling  
  146  10:52  Overlord x2  
  146  10:53  Zergling x2  
  146  10:54  Zergling x32  
  161  11:37  Overlord x2  
  161  11:38  Zergling x2  
  162  11:46  Zerg Ground Armor Level 3, Infestation Pit  
  136  11:47  Adrenal Glands, Zerg Melee Weapons Level 3  
  135  12:00  Overlord x2  
  135  12:01  Zergling x2  
  135  12:02  Zergling x20  
  135  12:03  Overseer x3  
  146  12:32  Viper  
  146  12:33  Viper  
  152  12:40  Hatchery  
  152  12:42  Ultralisk Cavern  
  146  12:48  Hatchery  
  145  12:55  Hatchery  
  116  13:18  Zergling x10  
  116  13:19  Zergling x2  
  122  13:29  Ultralisk  
  122  13:30  Ultralisk x8  
  122  13:31  Chitinous Plating  
  176  13:34  Zergling x2  
  176  13:35  Zergling x32  
  193  13:48  Corruptor x3  
  195  13:52  Overlord x3  
  118  14:34  Zergling x2, Ultralisk  
  118  14:35  Zergling x16, Ultralisk x4  
  118  14:36  Zergling x8  
  143  14:45  Ultralisk  
  143  14:54  Baneling x6  
  115  15:09  Ultralisk x2  
  88  15:24  Zergling x2  
  88  15:25  Zergling x26  
  82  15:34  Greater Spire  
  81  15:45  Zergling x2  
  81  15:46  Zergling x16  
  76  16:03  Viper x3  
  69  16:21  Ultralisk x2  
  69  16:22  Zergling x2  
  69  16:23  Zergling x2  
  83  16:41  Zergling x2  
  84  16:47  Corruptor x2  
  84  16:49  Zergling x8  
  92  16:57  Ultralisk  
  92  17:00  Zergling x4  
  75  17:24  Ultralisk  
  75  17:25  Ultralisk  
  87  17:31  Brood Lord  
  71  18:05  Ultralisk  
  71  18:06  Ultralisk  
  71  18:07  Zergling x2  
  71  18:08  Zergling x10  
  72  18:22  Drone x2  
  59  18:39  Viper  
  62  18:50  Baneling x2  
  62  18:51  Baneling  
Tags
 
Add a new tag
Caveats
  • Supply blocks, unpowered buildings, or Contaminate may cause inaccurate times.
  • Supply counts are checked every 10 seconds.